Map: Thunderbird LE

Players

Ratl - Winner!

  • Race: Zerg Zerg
  • Spawn Location: 5:00

VOD

Have the link to the VOD?

Description

Time

  • Played on: Oct. 28, 2019, 4:34 p.m.
  • Length: 30:42
Show
View Real Time Build Order
Export as new Build Order

Ratl Zerg - Winner!

Build Orders:  

Get SALT Encoding   

  12  0:03  Drone  
  13  0:19  Overlord  
  13  0:26  Drone  
  14  0:46  Drone x2  
  16  1:05  Overlord  
  16  1:12  Drone  
  17  1:29  Drone  
  18  1:37  Spawning Pool  
  17  1:43  Drone  
  18  1:52  Extractor  
  18  1:57  Drone  
  18  2:08  Evolution Chamber  
  17  2:13  Drone  
  18  2:25  Drone  
  19  2:43  Queen  
  19  2:46  Overlord  
  21  3:04  Extractor  
  21  3:07  Drone  
  21  3:08  Drone  
  22  3:30  Zergling x2  
  23  4:03  Drone  
  23  4:04  Drone  
  25  4:17  Lair  
  25  4:24  Zergling x2  
  26  4:35  Drone  
  26  4:39  Drone  
  28  4:41  Zergling x2  
  28  4:42  Zergling x2  
  30  5:17  Roach Warren  
  29  5:30  Baneling Nest  
  29  5:34  Drone  
  29  5:35  Drone  
  29  5:36  Drone  
  31  6:19  Zergling x2  
  32  6:20  Zergling x2  
  32  6:23  Drone x2  
  32  6:29  Roach  
  37  6:47  Zergling x2  
  38  7:18  Hydralisk Den  
  37  7:21  Spire  
  37  7:25  Zerg Melee Weapons Level 1  
  36  7:39  Drone x2  
  38  7:44  Overlord x2  
  38  7:50  Overseer  
  38  8:50  Hatchery  
  38  8:56  Extractor  
  36  10:05  Zerg Missile Weapons Level 1  
  36  10:06  Zergling x6  
  36  10:07  Hydralisk x3  
  36  10:08  Hydralisk x2  
  36  10:09  Hydralisk x2  
  53  10:10  Extractor  
  53  10:12  Hatchery  
  37  11:02  Zergling x2  
  37  11:03  Zergling x2, Hydralisk  
  41  11:12  Drone x3  
  41  11:14  Queen  
  46  11:51  Drone x2  
  46  11:57  Unknown  
  48  12:06  Mutalisk x2  
  48  12:08  Mutalisk x2  
  56  12:19  Pneumatized Carapace  
  56  12:45  Zerg Ground Armor Level 1  
  56  12:47  Spine Crawler  
  55  12:54  Mutalisk  
  55  12:55  Mutalisk x2  
  61  13:00  Hydralisk x2  
  61  13:02  Zergling x2  
  66  13:15  Extractor  
  65  13:33  Spine Crawler  
  65  13:34  Drone x2  
  66  13:41  Overlord  
  66  13:51  Overlord x3  
  66  13:52  Overlord  
  66  14:06  Queen  
  68  14:13  Drone  
  68  14:14  Drone  
  70  14:30  Drone  
  71  14:45  Zergling x2  
  71  14:46  Zergling x10  
  71  14:47  Zergling x6  
  80  15:11  Zergling x8  
  84  15:22  Mutalisk x2  
  84  15:23  Mutalisk  
  84  15:25  Zerg Melee Weapons Level 2  
  90  15:31  Glial Reconstitution  
  90  15:48  Hydralisk x2  
  94  16:01  Drone x3  
  94  16:10  Extractor  
  94  16:11  Unknown  
  88  17:21  Tunneling Claws  
  83  17:52  Unknown  
  60  18:35  Zerg Missile Weapons Level 2  
  60  18:37  Zergling x6  
  60  18:38  Zergling x6, Hydralisk x2  
  69  18:44  Zergling x6  
  69  18:45  Zergling x2  
  69  18:46  Hydralisk x4  
  69  18:49  Roach  
  79  18:54  Roach x2  
  79  18:55  Roach x5  
  79  18:56  Roach x5  
  90  21:02  Drone x3  
  93  21:39  Drone x5  
  98  21:40  Drone  
  98  21:45  Zerg Ground Armor Level 2  
  99  22:14  Infestation Pit  
  98  22:21  Drone x4  
  98  22:22  Drone  
  103  22:53  Nydus Network  
  102  23:02  Zergling x8  
  102  23:08  Overlord x2  
  106  23:38  Spore Crawler  
  105  23:53  Hatchery, Extractor  
  105  23:54  Extractor  
  102  24:12  Overlord  
  102  24:13  Overlord  
  102  24:33  Hydralisk x4  
  102  24:34  Hydralisk x2  
  102  24:36  Zergling x2  
  115  24:40  Lair  
  115  24:45  Mutalisk x3  
  115  24:46  Mutalisk x8  
  137  24:50  Overlord x4  
  137  24:51  Zergling x2, Overlord  
  137  24:56  Overlord x2  
  132  25:51  Unknown  
  124  26:01  Unknown  
  128  27:08  Unknown  
  114  27:51  Pathogen Glands  
  110  28:15  Extractor  
  110  28:17  Hatchery  
  106  28:22  Extractor  
  106  28:26  Unknown  
  101  28:34  Zergling x2  
  101  28:35  Zergling x4  
  101  28:36  Zergling x8  
  105  29:11  Hive, Unknown  
Tags
 
Add a new tag
Caveats
  • Supply blocks, unpowered buildings, or Contaminate may cause inaccurate times.
  • Supply counts are checked every 10 seconds.